 Dungeon Crawl Stone Soup version 0.28-a0-664-gc179e30c89 (webtiles) character file.

Game seed: 8770352246112233723

64 frimble the Stinger (level 4, 0/27 HPs)
             Began as an Octopode Venom Mage on Oct 15, 2021.
             Slain by a frilled lizard (2 damage)
             ... on level 3 of the Dungeon.
             The game lasted 00:03:33 (2784 turns).

frimble the Stinger (Octopode Venom Mage)           Turns: 2784, Time: 00:03:33

Health: 0/27       AC:  1    Str:  7    XL:     4   Next: 12%
Magic:  0/7        EV: 13    Int: 18    God:
Gold:   50         SH:  0    Dex: 12    Spells: 2/7 levels left

rFire   . . .      SeeInvis .   (no weapon)
rCold   . . .      Faith    .   (no shield)
rNeg    . . .      Spirit   .   i - +0 hat {Will+}
rPois   +          Reflect  .   (no amulet)
rElec   .          Harm     .   g - ring of poison resistance
rCorr   .          Rampage  .   (no ring)
Will    +....                   (no ring)
Stlth   +++.......              (no ring)
HPRegen 0.09/turn               (no ring)
MPRegen 0.10/turn               (no ring)
                                (no ring)
                                (no ring)

@: very slightly contaminated
A: almost no armour, amphibious, 8 rings, camouflage 1, gelatinous body 1,
(nimble swimmer 1), tentacles
a: no special abilities


You were on level 3 of the Dungeon.
You visited 1 branch of the dungeon, and saw 3 of its levels.

You collected 50 gold pieces.

Inventory:

Armour
 i - a +0 hat of willpower (worn)
Jewellery
 g - a ring of poison resistance (left tentacle)
Scrolls
 b - a scroll of enchant weapon
 d - 2 scrolls of fog
 f - a scroll of amnesia
Potions
 a - a potion of mutation
 c - a potion of curing {unknown}
 e - a potion of heal wounds {unknown}
 h - a potion of flight {unknown}


   Skills:
 - Level 2.0 Dodging
 - Level 2.7 Stealth
 - Level 2.0 Spellcasting
 - Level 1.0 Transmutations
 + Level 5.8 Poison Magic


You had 2 spell levels left.
You knew the following spells:

 Your Spells              Type           Power      Damage    Failure   Level
a - Sting                 Tmut/Pois      56%        1d5       4%          1
b - Olgreb's Toxic Radia  Pois           23%        N/A       16%         4

Your spell library contained the following spells:

 Spells                   Type           Power      Damage    Failure   Level
 Poisonous Vapours        Pois/Air       24%        N/A       9%          2
 Sandblast                Erth           2%         2d4       19%         1
 Passwall                 Tmut/Erth      2%         N/A       22%         2
 Mephitic Cloud           Conj/Pois/Air  8%         N/A       24%         3
 Stone Arrow              Conj/Erth      2%         3d7       47%         3


Dungeon Overview and Level Annotations

Branches:
Dungeon (3/15)

Altars:


Innate Abilities, Weirdness & Mutations

You cannot wear most types of armour.
You are amphibious.
You can wear up to eight rings at the same time.
Your skin changes colour to match your surroundings (Stealth+).
Your rubbery body absorbs attacks. (AC +1, EV +1)
((You are camouflaged near water. (Stealth+)))
You have tentacles for arms and can constrict up to eight enemies at once.


Message History

Your grab misses the bat.
You hear a shout!
You hear an angry hiss.
The bat closely misses you. The bat hits you. The endoplasm barely misses you.
You hear a shout!
Found an escape hatch in the ceiling.
The bat closely misses you. x2
The bat misses you.
A frilled lizard comes into view.
The bat hits you. The bat hits you but does no damage.
Casting: Olgreb's Toxic Radiance (extremely dangerous; 16% risk of failure)
Confirm with . or Enter, or press ? or * to list all spells.
You don't have enough magic to cast this spell.
Unknown command.
Unknown command.
The bat misses you. The bat hits you. The bat hits you.
The bat closely misses you. The frilled lizard barely misses you.
The bat barely misses you.
Casting: Olgreb's Toxic Radiance (extremely dangerous; 16% risk of failure)
Confirm with . or Enter, or press ? or * to list all spells.
The spell is extremely dangerous to cast (16% risk of failure)!
Continue anyway?
You miscast Olgreb's Toxic Radiance.
You are very lightly contaminated with residual magic.
Nothing appears to happen.
The bat hits you but does no damage. The endoplasm freezes you.
You are frozen.
* * * LOW HITPOINT WARNING * * *
The frilled lizard closely misses you. The bat hits you.
* * * LOW HITPOINT WARNING * * *
The endoplasm jiggles.
The frilled lizard bites you.
* * * LOW HITPOINT WARNING * * *
The goblin hits you with a +0 club.
* * * LOW HITPOINT WARNING * * *
Okay, then.
Unknown command.
The bat barely misses you. The frilled lizard bites you.
You die...

........##.####
...............
........###..##
.......<# #... .
.. .......
........#
..#.###.......
########.
#.#.#......#.# .#
#.#...# #...# .#
#####..#..## #b..#
.#
#@b........####...
..
#Jl...............
.#
#.gO..............
#........##.....##
#.....<..##.....#
###########.....#
#.(...# #.....#
#######


You could see an ogre, an endoplasm, a goblin, a bat and a frilled lizard.

Vanquished Creatures
  2 adders
  2 worms (D:2)
  2 orcs (D:3)
  6 ball pythons
  4 bats
  An endoplasm (D:1)
  A giant cockroach (D:2)
  5 goblins
  3 hobgoblins
  2 jackals (D:2)
  2 quokkas
  3 frilled lizards
  A kobold (D:3)
  3 rats
37 creatures vanquished.

Notes
Turn   | Place    | Note
-------+----------+-------------------------------------------
     0 | D:1      | frimble the Octopode Venom Mage began the quest for the
                  | Orb.
     0 | D:1      | Reached XP level 1. HP: 11/11 MP: 3/3
   100 | D:1      | Reached skill level 4 in Poison Magic
   386 | D:1      | Reached XP level 2. HP: 16/17 MP: 3/5
  1248 | D:2      | Reached skill level 5 in Poison Magic
  1248 | D:2      | Reached XP level 3. HP: 14/21 MP: 2/6
  2562 | D:3      | Identified a scroll of acquirement
  2562 | D:3      | Acquired a +0 hat of willpower
  2595 | D:3      | Reached XP level 4. HP: 18/27 MP: 1/7
  2728 | D:3      | Learned a level 4 spell: Olgreb's Toxic Radiance
  2729 | D:3      | Noticed an ogre
  2784 | D:3      | Slain by a frilled lizard

Illustrated notes

Levels and vault maps discovered:
D:1:      lemuel_arrival_rhombus, layout_basic
D:2:      layout_loops_corners
D:3:      layout_rooms, overflow_temple_1_default, dk_noncrumbling_4

Skill      XL: |  1  2 |
---------------+-------+-----
Poison Magic   | 4 5 |  5.8
Dodging        | |  2.0
Stealth        | |  2.7
Spellcasting   | |  2.0
Transmutations | |  1.0

Action                   |  1- 3 |  4- 6 || total
-------------------------+-------+-------++-------
Melee: Unarmed           |    52 |     5 ||    57
       Constrict         |    17 |       ||    17
       Tentacles         |    10 |       ||    10
 Cast: Sting             |    35 |       ||    35
       Olgreb's Toxic Ra |       |     1 ||     1
  Use: Scroll            |     7 |       ||     7
 Stab: Sleeping          |     5 |       ||     5
Armor: Skin              |     3 |     3 ||     6
Dodge: Dodged            |    49 |    16 ||    65

Table legend: (Time is in decaauts)
 A = Elapsed time spent in this place.
 B = Non-inter-level travel time spent in this place.
 C = Inter-level travel time spent in this place.
 D = Time resting spent in this place.
 E = Time spent auto-exploring this place.
 F = Levels seen in this place.
 G = Mean time per level.
                   A        B        C        D        E       F      G
               +--------+--------+--------+--------+--------+-----+--------+
         Total |   2783 |   2754 |     29 |      0 |   2376 |   3 |  927.7 |
       Dungeon |   2783 |   2754 |     29 |      0 |   2376 |   3 |  927.7 |
               +--------+--------+--------+--------+--------+-----+--------+

Top non-repeatable levels by time:
     D:2: 1381 daAuts
     D:1: 1096 daAuts
     D:3: 305 daAuts
